SAAA
CALGARY LYNX @ PHOENIX HOTSPUR RESERVES
08/31/2027
 
TOP OF THE 1ST
Calgary Lynx batting - Pitching for Phoenix Hotspur Reserves : RHP Titus Parson
Pitching: RHP Titus Parson
Batting: RHB Hieu De 0-0: Ball
1-0: Ground out 1-3 (Groundball, 15S)
Batting: LHB Francisco Santos 0-0: Foul Ball, location: 2F
0-1: Ball
1-1: Ball
2-1: Swinging Strike
2-2: Ground out 4-3 (Groundball, 4S)
Batting: RHB Lytle Creek 0-0: Called Strike
0-1: Ball
1-1: Foul Ball, location: 2F
1-2: Strikes out swinging
Top of the 1st over - 0 run(s), 0 hit(s), 0 error(s), 0 left on base; Calgary 0 - Phoenix 0
BOTTOM OF THE 1ST
Phoenix Hotspur Reserves batting - Pitching for Calgary Lynx : RHP Roberto De La Cruz
Pitching: RHP Roberto De La Cruz
Batting: RHB Wilson Castillo 0-0: Called Strike
0-1: Foul Ball, location: 2F
0-2: Ball
1-2: Hit by Pitch
Batting: RHB Satoshi Terada 0-0: Ball
Wilson Castillo steals 2nd base
1-0: Ball
2-0: Foul Ball, location: 2F
2-1: Called Strike
2-2: Fly out, F7 (Flyball, 7S)
Batting: RHB Jesús Mejía 0-0: Swinging Strike
0-1: Ball
1-1: Swinging Strike
1-2: Strikes out swinging
Batting: RHB Martín Martínez 0-0: Called Strike
0-1: Ball
1-1: Ball
2-1: Foul Ball, location: 2F
2-2: Ball
3-2: Foul Ball, location: 2F
3-2: Foul Ball, location: 2F
3-2: Base on Balls
Batting: SHB Jesús González 0-0: Ball
1-0: Called Strike
1-1: Foul Ball, location: 2F
1-2: Ball
2-2: Foul Ball, location: 2F
2-2: Foul Ball, location: 2F
2-2: Ball
3-2: Foul Ball, location: 2F
3-2: Single, Error in OF, E8, batter to second base
Wilson Castillo scores
Martín Martínez to third
Batting: RHB Jesús Álvarez 0-0: Called Strike
0-1: Ball
1-1: Ball
2-1: Called Strike
2-2: Strikes out looking
Bottom of the 1st over - 1 run(s), 1 hit(s), 1 error(s), 2 left on base; Calgary 0 - Phoenix 1
TOP OF THE 2ND
Calgary Lynx batting - Pitching for Phoenix Hotspur Reserves : RHP Titus Parson
Batting: RHB Wilson Vega 0-0: Fly out, F8 (Flyball, 8LS)
Batting: LHB José León 0-0: Ball
1-0: Fly out, F7 (Flyball, 7S)
Batting: LHB Thomas Campbell 0-0: Called Strike
0-1: Ball
1-1: Ball
2-1: Called Strike
2-2: DOUBLE (Groundball, 3D)
Batting: LHB Daniel García 0-0: Ball
1-0: Called Strike
1-1: Foul Ball, location: 2F
1-2: Ball
Wild Pitch!
Thomas Campbell to third
2-2: Fly out, F8 (Flyball, 8LXD)
Top of the 2nd over - 0 run(s), 1 hit(s), 0 error(s), 1 left on base; Calgary 0 - Phoenix 1
BOTTOM OF THE 2ND
Phoenix Hotspur Reserves batting - Pitching for Calgary Lynx : RHP Roberto De La Cruz
Batting: LHB Mitchell Hansen 0-0: Called Strike
0-1: Called Strike
0-2: Foul Ball, location: 2F
0-2: Strikes out looking
Batting: RHB Javier González 0-0: Ball
1-0: Ball
2-0: Ball
3-0: Base on Balls
Batting: LHB Clark Espinosa 0-0: Ball
1-0: Swinging Strike
1-1: Ball
2-1: Called Strike
2-2: Foul Ball, location: 2F
2-2: Foul Ball, location: 2F
2-2: Ball
3-2: Foul Ball, location: 2F
3-2: Strikes out swinging
Javier González is caught stealing 2nd base
Batter strikes out.
Bottom of the 2nd over - 0 run(s), 0 hit(s), 0 error(s), 0 left on base; Calgary 0 - Phoenix 1
TOP OF THE 3RD
Calgary Lynx batting - Pitching for Phoenix Hotspur Reserves : RHP Titus Parson
Batting: RHB Ieyoshi Yamamoto 0-0: Called Strike
0-1: Ball
1-1: Foul Ball, location: 2F
1-2: Strikes out swinging
Batting: RHB Michael Garrett 0-0: Ball
1-0: Foul Ball, location: 2F
1-1: Ball
2-1: Ball
3-1: Foul Ball, location: 2F
3-2: Fly out, F3 (Popup, 3S)
Batting: RHB Hieu De 0-0: Called Strike
0-1: Ball
1-1: Ball
2-1: Ground out U3 (Groundball, 34)
Top of the 3rd over - 0 run(s), 0 hit(s), 0 error(s), 0 left on base; Calgary 0 - Phoenix 1
BOTTOM OF THE 3RD
Phoenix Hotspur Reserves batting - Pitching for Calgary Lynx : RHP Roberto De La Cruz
Batting: RHB Wilson Castillo 0-0: Ball
1-0: SINGLE (Line Drive, 56)
Batting: RHB Satoshi Terada 0-0: Foul Ball, location: 2F
0-1: Called Strike
0-2: Grounds into double play, 5-4-3 (Groundball, 5)
Batting: RHB Jesús Mejía 0-0: Ball
1-0: Foul Ball, location: 2F
1-1: Foul Ball, location: 2F
1-2: Ball
2-2: Strikes out swinging
Bottom of the 3rd over - 0 run(s), 1 hit(s), 0 error(s), 0 left on base; Calgary 0 - Phoenix 1
TOP OF THE 4TH
Calgary Lynx batting - Pitching for Phoenix Hotspur Reserves : RHP Titus Parson
Batting: LHB Francisco Santos 0-0: Called Strike
0-1: SINGLE (Line Drive, 4M)
Batting: RHB Lytle Creek 0-0: Ball
1-0: Called Strike
1-1: Ball
2-1: Swinging Strike
2-2: Foul Ball, location: 2F
2-2: Strikes out swinging
Batting: RHB Wilson Vega 0-0: Ball
1-0: Fielders Choice at 2nd, 4-6 (Groundball, 4)
Batting: LHB José León 0-0: Ball
1-0: Foul Ball, location: 2F
1-1: Ball
2-1: Foul Ball, location: 2F
2-2: Fly out, F8 (Flyball, 8RS)
Top of the 4th over - 0 run(s), 1 hit(s), 0 error(s), 1 left on base; Calgary 0 - Phoenix 1
BOTTOM OF THE 4TH
Phoenix Hotspur Reserves batting - Pitching for Calgary Lynx : RHP Roberto De La Cruz
Batting: RHB Martín Martínez 0-0: Ball
1-0: Ball
2-0: Fly out, F9 (Flyball, 9)
Batting: SHB Jesús González 0-0: Swinging Strike
0-1: Ball
1-1: Called Strike
1-2: Foul Ball, location: 2F
1-2: Ball
2-2: Strikes out swinging
Batting: RHB Jesús Álvarez 0-0: Ball
1-0: Ground out 6-3 (Groundball, 6)
Bottom of the 4th over - 0 run(s), 0 hit(s), 0 error(s), 0 left on base; Calgary 0 - Phoenix 1
TOP OF THE 5TH
Calgary Lynx batting - Pitching for Phoenix Hotspur Reserves : RHP Titus Parson
Batting: LHB Thomas Campbell 0-0: Called Strike
0-1: SINGLE (Groundball, 34S) (infield hit)
Batting: LHB Daniel García 0-0: Ball
1-0: Called Strike
1-1: Sac Bunt - play at first, batter OUT! 1-3
Thomas Campbell to second
Batting: RHB Ieyoshi Yamamoto 0-0: Ball
1-0: Ball
2-0: Ball
3-0: Base on Balls
Batting: RHB Michael Garrett 0-0: Swinging Strike
0-1: Swinging Strike
0-2: Hit by Pitch
Thomas Campbell to third
Ieyoshi Yamamoto to second
Batting: RHB Hieu De 0-0: Swinging Strike
0-1: Ball
1-1: Foul Ball, location: 2F
1-2: Ball
2-2: SINGLE (Groundball, 56D)
Thomas Campbell scores
Ieyoshi Yamamoto to third
Michael Garrett to second
Runner from 3rd tries for Home, SAFE, throw made home
Now in LF: Derek Blair
Batting: LHB Francisco Santos 0-0: Called Strike
0-1: Ball
1-1: Fly out, F6 (Popup, 56)
Batting: RHB Lytle Creek 0-0: Ball
1-0: DOUBLE (Line Drive, 78D)
Michael Garrett scores
Hieu De to third
Runner from 3rd tries for Home, SAFE, no throw
Batting: RHB Wilson Vega 0-0: Ball
1-0: Foul Ball, location: 2F
1-1: Swinging Strike
1-2: Ground out 4-3 (Groundball, 4)
Top of the 5th over - 4 run(s), 3 hit(s), 0 error(s), 1 left on base; Calgary 4 - Phoenix 1
BOTTOM OF THE 5TH
Phoenix Hotspur Reserves batting - Pitching for Calgary Lynx : RHP Roberto De La Cruz
Batting: LHB Mitchell Hansen 0-0: Ball
1-0: Ball
2-0: Foul Ball, location: 2F
2-1: Ball
3-1: Foul Ball, location: 2F
3-2: Base on Balls
Batting: LHB Derek Blair 0-0: Sac Bunt - play at first, batter OUT! 2-3
Mitchell Hansen to second
Batting: LHB Clark Espinosa 0-0: Ball
1-0: Ball
2-0: Ground out 4-3 (Groundball, 4)
Mitchell Hansen to third
Batting: RHB Wilson Castillo 0-0: Called Strike
0-1: Called Strike
0-2: Strikes out swinging
Bottom of the 5th over - 0 run(s), 0 hit(s), 0 error(s), 1 left on base; Calgary 4 - Phoenix 1
TOP OF THE 6TH
Calgary Lynx batting - Pitching for Phoenix Hotspur Reserves : RHP Titus Parson
Batting: LHB José León 0-0: Ball
1-0: Called Strike
1-1: Foul Ball, location: 2F
1-2: Foul Ball, location: 2F
1-2: Strikes out looking
Batting: LHB Thomas Campbell 0-0: Ball
1-0: Swinging Strike
1-1: Ball
2-1: Foul Ball, location: 2F
2-2: Ball
3-2: Base on Balls
Batting: LHB Daniel García 0-0: Ball
1-0: Ball
2-0: Ball
3-0: Base on Balls
Thomas Campbell to second
Batting: RHB Ieyoshi Yamamoto 0-0: Called Strike
Thomas Campbell steals 3rd base
Daniel García to second
0-1: Ball
1-1: Ball
2-1: Ball
3-1: Base on Balls
Pitching: RHP Dennis Dunn
Batting: RHB Michael Garrett 0-0: Ball
1-0: Ball
2-0: Foul Ball, location: 2F
2-1: Grounds into double play, 4-2-3 (Groundball, 4)
Top of the 6th over - 0 run(s), 0 hit(s), 0 error(s), 2 left on base; Calgary 4 - Phoenix 1
BOTTOM OF THE 6TH
Phoenix Hotspur Reserves batting - Pitching for Calgary Lynx : RHP Roberto De La Cruz
Batting: RHB Satoshi Terada 0-0: Ball
1-0: Called Strike
1-1: Swinging Strike
1-2: Ball
2-2: Ball
3-2: Foul Ball, location: 2F
3-2: Foul Ball, location: 2F
3-2: Foul Ball, location: 2F
3-2: Base on Balls
Batting: RHB Jesús Mejía 0-0: Ball
1-0: Called Strike
1-1: Ball
2-1: Foul Ball, location: 2F
2-2: Ball
3-2: SINGLE (Groundball, 6D)
Satoshi Terada to second
Pitching: RHP José Larranaga
Batting: RHB Martín Martínez 0-0: Ball
1-0: Foul Ball, location: 2F
1-1: Called Strike
1-2: Strikes out swinging
Batting: SHB Jesús González 0-0: Called Strike
0-1: Ball
1-1: Ball
2-1: Ball
3-1: SINGLE (Groundball, 4MD)
Satoshi Terada to third
Jesús Mejía to second
Batting: RHB Jesús Álvarez 0-0: Fly out, F8 (Flyball, 89M)
Runner from 3rd tags up, SCORES, throw made
Batting: LHB Mitchell Hansen 0-0: Ball
1-0: Foul Ball, location: 2F
1-1: Called Strike
1-2: Strikes out swinging
Bottom of the 6th over - 1 run(s), 2 hit(s), 0 error(s), 2 left on base; Calgary 4 - Phoenix 2
TOP OF THE 7TH
Calgary Lynx batting - Pitching for Phoenix Hotspur Reserves : RHP Dennis Dunn
Batting: RHB Hieu De 0-0: Swinging Strike
0-1: Foul Ball, location: 2F
0-2: Strikes out swinging
Batting: LHB Francisco Santos 0-0: Called Strike
0-1: Ball
1-1: Ball
2-1: Ground out U3 (Groundball, 3)
Batting: RHB Lytle Creek 0-0: Ball
1-0: SINGLE (Groundball, 23) (infield hit)
Batting: RHB Wilson Vega 0-0: Foul Ball, location: 2F
0-1: Called Strike
0-2: Foul Ball, location: 2F
0-2: Ball
1-2: Strikes out looking
Top of the 7th over - 0 run(s), 1 hit(s), 0 error(s), 1 left on base; Calgary 4 - Phoenix 2
BOTTOM OF THE 7TH
Phoenix Hotspur Reserves batting - Pitching for Calgary Lynx : RHP José Larranaga
Batting: LHB Derek Blair 0-0: Ball
1-0: Ground out 3-1 (Groundball, 34)
Batting: LHB Clark Espinosa 0-0: Foul Ball, location: 2F
0-1: Ball
1-1: Ball
2-1: Ball
3-1: Foul Ball, location: 2F
3-2: Fly out, F7 (Flyball, 7D)
Batting: RHB Wilson Castillo 0-0: Swinging Strike
0-1: Ball
1-1: Fly out, F9 (Line Drive, 89M)
Bottom of the 7th over - 0 run(s), 0 hit(s), 0 error(s), 0 left on base; Calgary 4 - Phoenix 2
TOP OF THE 8TH
Calgary Lynx batting - Pitching for Phoenix Hotspur Reserves : RHP Dennis Dunn
Batting: LHB José León 0-0: Ball
1-0: Ball
2-0: Foul Ball, location: 2F
2-1: Ground out 1-3 (Groundball, 15)
Batting: LHB Thomas Campbell 0-0: Ball
1-0: Fly out, F4 (Popup, 4M)
Batting: LHB Daniel García 0-0: Ground out 3-1 (Groundball, 34)
Top of the 8th over - 0 run(s), 0 hit(s), 0 error(s), 0 left on base; Calgary 4 - Phoenix 2
BOTTOM OF THE 8TH
Phoenix Hotspur Reserves batting - Pitching for Calgary Lynx : RHP José Larranaga
Batting: RHB Satoshi Terada 0-0: Ground out 5-3 (Groundball, 56S)
Batting: RHB Jesús Mejía 0-0: Called Strike
0-1: Foul Ball, location: 2F
0-2: Ball
1-2: Foul Ball, location: 2F
1-2: Strikes out swinging
Batting: RHB Martín Martínez 0-0: Called Strike
0-1: Ground out 6-3 (Groundball, 6)
Bottom of the 8th over - 0 run(s), 0 hit(s), 0 error(s), 0 left on base; Calgary 4 - Phoenix 2
TOP OF THE 9TH
Calgary Lynx batting - Pitching for Phoenix Hotspur Reserves : RHP Dennis Dunn
Pitching: RHP Jim Unknown
Batting: RHB Ieyoshi Yamamoto 0-0: Ball
1-0: Foul Ball, location: 2F
1-1: Fly out, F8 (Flyball, 89S)
Batting: RHB Michael Garrett 0-0: Called Strike
0-1: Called Strike
0-2: Foul Ball, location: 2F
0-2: Strikes out swinging
Batting: RHB Hieu De 0-0: Swinging Strike
0-1: Ball
1-1: Ball
2-1: Ground out 4-3 (Groundball, 4M)
Top of the 9th over - 0 run(s), 0 hit(s), 0 error(s), 0 left on base; Calgary 4 - Phoenix 2
BOTTOM OF THE 9TH
Phoenix Hotspur Reserves batting - Pitching for Calgary Lynx : RHP José Larranaga
Pitching: RHP Tate Beason
Batting: SHB Jesús González 0-0: Ball
1-0: Ball
2-0: Ground out U3 (Groundball, 34S)
Batting: RHB Jesús Álvarez 0-0: Ball
1-0: Ball
2-0: Called Strike
2-1: SINGLE (Flyball, 4MD)
Batting: LHB Mitchell Hansen 0-0: Foul Ball, location: 2F
0-1: Ball
1-1: Called Strike
1-2: Ball
2-2: Foul Ball, location: 2F
2-2: Strikes out swinging
Pinch Hitting: SHB Roberto López 0-0: Foul Ball, location: 2F
0-1: Ground out 4-3 (Groundball, 4S)
Bottom of the 9th over - 0 run(s), 1 hit(s), 0 error(s), 1 left on base; Calgary 4 - Phoenix 2
Saturday, May 26th, 2018 - OOTP Baseball 17.12 Build 75